 Dungeon Crawl Stone Soup version 0.30-a0-586-g23e55c9e0a (webtiles) character file.

Game seed: 16370931474909324340

93603 Bnni the Marksant (level 16, -11/129 HPs)
             Began as a Formicid Hexslinger on Jan 2, 2023.
             Was the Champion of Dithmenos.
             Mangled by a naga warrior
             ... wielding a +0 dire flail
              (22 damage)
             ... on level 2 of the Snake Pit on Jan 3, 2023.
             The game lasted 01:13:05 (22503 turns).

Bnni the Marksant (Formicid Hexslinger)            Turns: 22503, Time: 01:13:05

Health: -11/129    AC:  9    Str: 23    XL:     16   Next: 57%
Magic:  28/28      EV:  8    Int: 18    God:    Dithmenos [******]
Gold:   790        SH: 13    Dex: 18    Spells: 1/31 levels left

rFire   + + +      SeeInvis +    a - +27 heavy crossbow "Sniper" {heavy, Acc+∞ SInv}
rCold   . . .      Faith    .    z - +0 kite shield
rNeg    . . .      Spirit   .    J - +2 robe {rF+}
rPois   +          Reflect  .    (helmet unavailable)
rElec   +          Harm     .    S - +0 cloak {rCorr}
rCorr   +          Rampage  .    B - +1 pair of gloves
Will    +....                    k - +1 pair of boots "Riet" {rElec Str+4}
Stlth   +++                      R - amulet of Vitality {RegenMP++ Regen++}
HPRegen 2.01/turn                o - ring of Royalty {rPois rF+ Str+5}
MPRegen 1.01/turn                O - ring of protection from fire

@: lethally poisoned (-11 -> -15), wreathed by umbra, constricted, studying Ice
Magic
A: permanent stasis, dig shafts and tunnels, antennae 3, four strong arms
a: Dig, Shaft Self, Renounce Religion, Shadow Step, Shadow Form


You were on level 2 of the Snake Pit.
You worshipped Dithmenos.
Dithmenos was exalted by your worship.
You visited 5 branches of the dungeon, and saw 24 of its levels.
You also visited: Sewer, Gauntlet and Ice Cave.

You collected 2708 gold pieces.
You spent 1918 gold pieces at shops.

Inventory:

Hand Weapons
 a - the +27 heavy crossbow "Sniper" (weapon) {heavy, Acc+∞ SInv}
   (You acquired it on level 8 of the Dungeon)

   Any ammunition fired from it deals dramatically more damage, but attacks with
   it are much slower.
   Any ammunition fired from it never misses its target.
   SInv:      It lets you see invisible.
 v - a +1 longbow of flaming
 L - a +0 heavy longbow
Missiles
 m - 7 throwing nets
 y - 7 boomerangs of dispersal
 G - a curare-tipped dart
Armour
 f - a +2 pair of boots
 k - the +1 pair of boots "Riet" (worn) {rElec Str+4}
   (You bought it in a shop on level 1 of the Snake Pit)

   Str:       It affects your strength (+4).
   rElec:     It insulates you from electricity.
 z - a +0 kite shield (worn)
 B - a +1 pair of gloves (worn)
 J - a +2 robe of fire resistance (worn)
 S - a +0 cloak of preservation (worn)
Jewellery
 o - the ring of Royalty (left hand) {rPois rF+ Str+5}
   (You found it in a Gauntlet)

   [ring of poison resistance]

   Str:       It affects your strength (+5).
   rF:        It protects you from fire.
   rPois:     It protects you from poison.
 O - a ring of protection from fire (right hand)
 R - the amulet of Vitality (around neck) {RegenMP++ Regen++}
   (You found it in a Gauntlet)

   [amulet of magic regeneration]

   It increases your rate of magic regeneration.
   Regen:     It increases your rate of health regeneration.
 V - a ring of protection from cold
 W - the ring of Parch {Fly rElec Str+6 Dex-2 Stlth+}
   (You found it in a Gauntlet)

   [ring of strength]

   Str:       It affects your strength (+6).
   Dex:       It affects your dexterity (-2).
   rElec:     It insulates you from electricity.
   Fly:       It grants you flight.
   Stlth:     It makes you more stealthy.
Wands
 A - a wand of mindburst (7)
 D - a wand of roots (12)
 F - a wand of quicksilver (7)
 Z - a wand of digging (5)
Scrolls
 b - 6 scrolls of poison
 g - 3 scrolls of vulnerability {unknown}
 i - 2 scrolls of amnesia {unknown}
 j - 4 scrolls of summoning
 p - 3 scrolls of blinking {unknown}
 q - 2 scrolls of fear
 r - a scroll of magic mapping {unknown}
 s - a scroll of silence
 t - 4 scrolls of fog
 I - 4 scrolls of immolation
 K - 3 scrolls of brand weapon
 M - a scroll of enchant armour
Potions
 c - 4 potions of attraction
 d - 3 potions of resistance
 e - 2 potions of lignification
 h - 4 potions of brilliance
 l - 15 potions of curing
 n - 3 potions of invisibility
 u - 2 potions of mutation
 w - a potion of heal wounds
 C - 5 potions of might
 E - 5 potions of magic
 N - 3 potions of flight
 P - a potion of cancellation
Miscellaneous
 x - a phantom mirror
 H - a box of beasts


   Skills:
 + Level 12.9 Fighting
 * Level 16.5 Ranged Weapons
 - Level 1.7 Dodging
 + Level 12.6 Shields
 + Level 8.3 Spellcasting
 + Level 16.4 Hexes
 - Level 3.0 Translocations
 - Level 7.0 Transmutations
 - Level 3.0 Fire Magic


You had one spell level left.
You knew the following spells:

 Your Spells              Type           Power      Damage    Failure   Level
a - Slow                  Hex            100%       N/A       1%          1
b - Inner Flame           Hex/Fire       42%        N/A       1%          3
c - Portal Projectile     Hex/Tloc       84%        N/A       1%          3
d - Cause Fear            Hex            30%        N/A       1%          4
e - Enfeeble              Hex            30%        N/A       16%         7
f - Summon Guardian Gole  Hex/Summ       37%        N/A       1%          3
g - Leda's Liquefaction   Hex/Erth       18%        N/A       5%          4
i - Yara's Violent Unrav  Hex/Tmut       24%        3d11      3%          5

Your spell library contained the following spells:

 Spells                   Type           Power      Damage    Failure   Level
 Sting                    Tmut/Pois      80%        1d7       3%          1
 Apportation              Tloc           36%        N/A       4%          1
 Kiss of Death            Conj/Necr      28%        2d7       16%         1
 Necrotise                Necr           28%        1d5       16%         1
 Shock                    Conj/Air       28%        1d4       16%         1
 Summon Small Mammal      Summ           28%        N/A       16%         1
 Scorch                   Fire           36%        2d6       7%          2
 Ignite Poison            Fire/Tmut/Pois 19%        N/A       12%         3
 Gell's Gravitas          Tloc           18%        N/A       14%         3
 Teleport Other           Tloc           18%        N/A       14%         3
 Summon Mana Viper        Hex/Summ       37%        N/A       16%         5
 Kindle Blastsparks       Fire/Tloc/Air  28%        2d12      21%         3
 Call Imp                 Summ           7%         N/A       24%         2
 Sublimation of Blood     Necr           7%         N/A       24%         2
 Vhi's Electric Charge    Tloc/Air       24%        N/A       26%         3
 Petrify                  Tmut/Erth      20%        N/A       36%         4
 Call Canine Familiar     Summ           7%         N/A       43%         3
 Ozocubu's Armour         Ice            7%         N/A       43%         3
 Irradiate                Conj/Tmut      10%        3d15      71%         5
 Summon Ice Beast         Ice/Summ       7%         N/A       83%         4
 Fireball                 Conj/Fire      6%         3d5       93%         5
 Arcjolt                  Conj/Air       3%         1d13      99%         5
 Dispersal                Tloc           9%         N/A       100%        6
 Haunt                    Necr/Summ      3%         N/A       100%        7
 Monstrous Menagerie      Summ           3%         N/A       100%        7
 Ozocubu's Refrigeration  Ice            3%         4d8       100%        7
 Summon Hydra             Summ           3%         N/A       100%        7
 Maxwell's Capacitive Co  Air            3%         ∞         100%        8


Dungeon Overview and Level Annotations

Branches:
Dungeon (14/15)            Temple (1/1) D:5            Lair (5/5) D:9
  Swamp (0/4) Lair:2        Snake (2/4) Lair:2        Slime (0/5) Lair:4
    Orc (2/2) D:10            Elf (0/3) Orc:2        Vaults (0/5) D:13
  Sewer (visited)           IceCv (visited)         Gauntlet (visited)

Altars:
Ashenzari
Cheibriados
Dithmenos
Elyvilon
Fedhas
Gozag
Hepliaklqana
Kikubaaqudgha
Makhleb
Nemelex Xobeh
Okawaru
Qazlal
Ru
Sif Muna
Trog
Uskayaw
Vehumet
Wu Jian
Xom
Yredelemnul
Zin
The Shining One
Jiyva
Lugonu

Shops:
D:3 [   D:5 (   D:7 [   Orc:2 :(*[   Snake:1 [=[   Snake:2 *

Portals:
Trove: D:10 (give +5 demon blade)


Innate Abilities, Weirdness & Mutations

You cannot be hasted, slowed, berserked, paralysed or teleported.
You can dig through walls and to a lower floor.
You have a pair of large antennae on your head. (SInv)
Your four strong arms can wield two-handed weapons with a shield.


Message History

The guardian serpent coils itself and waves its upper body at you.
Your stasis prevents you from being slowed.
You block the salamander's attack. The naga warrior spits poison at you.
The splash of poison hits you but does no damage.
You resist. The black mamba bites you.
The guardian serpent casts a spell at you.
The salamander closely misses you.
The naga warrior hits you with a +0 dire flail.
The naga warrior grabs you. The naga warrior constricts you.
The black mamba bites you but does no damage.
The guardian serpent hits you but does no damage.
The salamander barely misses you. The naga warrior barely misses you.
The naga warrior constricts you.
You shoot a bolt. The bolt hits the naga warrior!
The naga warrior is almost dead.
The black mamba bites you!
You emit a cloud of dark smoke.
The guardian serpent casts a spell at you.
The bolt of poison hits you.
You are poisoned.
You resist.
The bolt of poison misses the black mamba.
You block the black mamba's attack.
The guardian serpent coils itself and waves its upper body at you.
The bolt of poison hits you. You resist.
The bolt of poison hits the black mamba.
The black mamba bites you!
The salamander hits you with a +0 halberd!!
* * * LOW HITPOINT WARNING * * *
You emit a cloud of dark smoke.
You are engulfed in flames.
You resist.
* * * LOW HITPOINT WARNING * * *
The naga warrior hits you with a +0 dire flail!!
* * * LOW HITPOINT WARNING * * *
You emit a cloud of dark smoke.
The naga warrior constricts you.
* * * LOW HITPOINT WARNING * * *
The guardian serpent hits you but does no damage.
The black mamba bites you but does no damage.
You block the salamander's attack.
The naga warrior hits you with a +0 dire flail!!
You die...

#.... .# # ###
.... #.##.#
..## #.. #.).#.
...## #.#
{..∩...
#..###.####{N.#
#.#.....###N#
#.......§##S#
#)......§N@N#
#.......§S###
#.........#
#...."....#
#.........#
#......(..#
#...).....#
#.........#
#.........#


You could see 2 naga warriors, a salamander (strong), a guardian serpent and a
black mamba.

Vanquished Creatures
  Kirke (Lair:4)
  An orc warlord (Orc:2)
  A reaper (IceCv)
  Nessos (Orc:2)
  A minotaur (Gauntlet)
  Fannar (D:12)
  An entropy weaver (Gauntlet)
  A ghost crab (Lair:2)
  3 hydras
  3 catoblepae (Lair:5)
  A centaur warrior (D:13)
  2 anacondas
  5 two-headed ogres
  4 boulder beetles
  Erica (D:8)
  7 death yaks (Lair:5)
  A naga warrior (Snake:2)
  4 orc high priests (Orc:2)
  A naga sharpshooter (Snake:1)
  A soul eater (Gauntlet)
  The ghost of 1Viktor the Trooper, a novice OgGl of Okawaru (D:7)
  A naga ritualist (Snake:1)
  8 orc knights
  A salamander (Snake:1)
  A wolf spider (Gauntlet)
  3 mana vipers
  3 orc sorcerers (Orc:2)
  3 manticores
  4 cyclopes
  16 elephants
  An ice statue (IceCv)
  A torpor snail (Lair:5)
  Maurice (D:10)
  Joseph (D:10)
  13 black mambas
  11 cane toads
  3 gargoyles
  A minotaur zombie (Gauntlet)
  Psyche (D:10)
  A komodo dragon (shapeshifter) (D:13)
  6 komodo dragons
  A rime drake (Lair:5)
  4 kobold demonologists
  An efreet (D:14)
  A freezing wraith (D:13)
  An ice devil (Gauntlet)
  10 trolls
  A meliai (shapeshifter) (D:13)
  3 polar bears
  Prince Ribbit (D:7)
  Grinder (D:3)
  5 dream sheep (Lair:5)
  13 blink frogs
  8 slime creatures
  A jumping spider (shapeshifter) (D:13)
  A vampire (D:12)
  A shadow (D:11)
  3 wraiths
  Eustachio (D:6)
  5 hogs (Lair:4)
  A jumping spider (Gauntlet)
  4 wyverns
  4 basilisks
  2 steam dragons
  A human (Lair:4)
  A death yak simulacrum (IceCv)
  66 yaks
  A redback (Gauntlet)
  4 wargs
  2 harpy simulacra (IceCv)
  5 vampire mosquitoes (D:13)
  7 nagas
  An acid dragon (shapeshifter) (D:14)
  16 water moccasins
  4 hydra simulacra (IceCv)
  A spectral blink frog (Lair:2)
  54 orc warriors
  Pargi (Sewer)
  2 black bears
  2 ice beasts
  2 sky beasts (D:7)
  A spectral rime drake (Lair:2)
  4 wolves (Lair:3)
  7 ogres
  10 centaurs
  A phantom (D:4)
  2 kobold brigands
  11 bullfrogs
  A spectral water moccasin (Lair:2)
  3 gnoll sergeants
  2 cane toad simulacra (IceCv)
  6 two-headed ogre simulacra (IceCv)
  6 scorpions
  An elephant simulacrum (IceCv)
  2 electric eels
  2 howler monkeys
  2 hounds
  A gnoll bouda (D:6)
  27 orc priests
  5 jellies
  Ijyb (D:3)
  35 orc wizards
  2 iguanas
  8 spriggan simulacra (IceCv)
  A polar bear simulacrum (IceCv)
  2 troll simulacra (IceCv)
  3 wolf simulacra (IceCv)
  34 gnolls
  4 adders
  8 naga simulacra (IceCv)
  A river rat (D:6)
  3 shadow imps
  11 white imps
  6 ufetubi
  2 worms
  A dart slug (D:1)
  145 orcs
  7 ball pythons
  An endoplasm (D:1)
  3 giant cockroaches
  3 goblins
  4 hobgoblins
  4 quokkas
  3 training dummies (D:5)
  8 bats
  8 frilled lizards
  24 kobolds
  8 rats
  2 butterflies (Lair:4)
801 creatures vanquished.

Vanquished Creatures (others)
  The ghost of Rider the Cleaver, a novice FoFi of Okawaru (D:7)
  An orc knight (Orc:1)
  A slime creature (D:12)
  A yak (D:12)
  A human (D:5)
  An orc priest (Orc:1)
  A troll simulacrum (IceCv)
  2 orcs
  3 demonic plants (D:14)
  38 fungi
  55 plants
105 creatures vanquished.

Grand Total: 906 creatures vanquished

Notes
Turn   | Place    | Note
-------+----------+-------------------------------------------
     0 | D:1      | Bnni the Formicid Hexslinger began the quest for the Orb.
     0 | D:1      | Reached XP level 1. HP: 15/15 MP: 2/2
    13 | D:1      | Reached XP level 2. HP: 21/21 MP: 3/3
   534 | D:1      | Reached XP level 3. HP: 26/26 MP: 4/4
   541 | D:1      | Got the Cyclopedia of Overcast Production
   546 | D:1      | Learned a level 3 spell: Inner Flame
   610 | D:1      | Reached skill level 1 in Fire Magic
  1210 | D:2      | Identified the +5 long sword of the Final Decision {heavy,
                  | rElec Int+3}
  1234 | D:1      | HP: 1/26 [gnoll/the +5 long sword of the Final Decision
                  | {heavy, rElec Int+3} (13)]
  1334 | D:1      | Reached XP level 4. HP: 9/32 MP: 1/6
  1672 | D:3      | Noticed Ijyb
  1682 | D:3      | Killed Ijyb
  1683 | D:3      | Reached XP level 5. HP: 38/38 MP: 3/7
  1755 | D:3      | Found Bybb's Antique Armour Shop.
  1970 | D:3      | Found the +8 trident of the Octopus King {venom, rElec
                  | rPois}
  2220 | D:3      | Found a shimmering blue altar of Sif Muna.
  2278 | D:3      | Got Sif Muna's Folio of Force
  2280 | D:3      | Got Sif Muna's Information on Moulding
  2282 | D:3      | Got Sif Muna's Catalogue of the Endless Teeth
  2288 | D:3      | Learned a level 4 spell: Cause Fear
  2314 | D:3      | Noticed Grinder
  2324 | D:3      | Killed Grinder
  2325 | D:3      | Reached skill level 5 in Hexes
  2325 | D:3      | Reached XP level 6. HP: 34/46 MP: 4/9
  2413 | D:3      | Found a faded altar of an unknown god.
  2564 | D:4      | Reached XP level 7. HP: 47/51 MP: 10/10
  2573 | D:4      | Learned a level 3 spell: Portal Projectile
  2913 | D:4      | Reached skill level 1 in Translocations
  2967 | D:3      | Bought a transparent robe for 131 gold pieces
  2967 | D:3      | Identified the +2 robe of Ligraf {rF+ Str+2 Int-4} (You
                  | bought it in a shop on level 3 of the Dungeon)
  3149 | D:4      | Reached XP level 8. HP: 53/58 MP: 10/12
  3268 | D:5      | Entered Level 5 of the Dungeon
  3515 | D:5      | Found a staircase to the Ecumenical Temple.
  3529 | Temple   | Entered the Ecumenical Temple
  3739 | Temple   | Became a worshipper of Dithmenos the Shadowed
  3820 | D:5      | Reached skill level 5 in Ranged Weapons
  3995 | D:5      | Identified the +6 scale mail "Kixyhi Jiuf" {Str+4}
  4074 | D:5      | Found an ancient bone altar of Kikubaaqudgha.
  4075 | D:5      | Noticed a human
  4078 | D:5      | Killed a human
  4099 | D:5      | Found an opulent altar of Gozag.
  4107 | D:5      | Found a hide-covered altar of Uskayaw.
  4109 | D:5      | Found a hazy altar of Hepliaklqana.
  4258 | D:5      | Found Juoskelats's Firing Range.
  4423 | D:6      | Found a glowing drain.
  4531 | Sewer    | Entered a sewer
  4536 | Sewer    | Learned a level 3 spell: Summon Guardian Golem
  4563 | Sewer    | Noticed Pargi
  4576 | Sewer    | Killed Pargi
  4576 | Sewer    | Reached * piety under Dithmenos
  4685 | D:5      | Bought a +0 hand crossbow for 42 gold pieces
  4771 | D:6      | Reached XP level 9. HP: 62/65 MP: 14/14
  4809 | D:6      | Reached skill level 1 in Transmutations
  5101 | D:6      | Noticed Eustachio
  5115 | D:6      | Killed Eustachio
  5599 | D:7      | Noticed Prince Ribbit
  5610 | D:7      | Killed Prince Ribbit
  5771 | D:7      | Reached ** piety under Dithmenos
  5806 | D:7      | Found a snail-covered altar of Cheibriados.
  5878 | D:7      | Reached skill level 5 in Fighting
  5884 | D:7      | Found a bloodstained altar of Trog.
  6203 | D:7      | Found a runed translucent door.
  6212 | D:7      | Found a radiant altar of Vehumet.
  6212 | D:7      | Found a shimmering altar of Xom.
  6456 | D:7      | Found Ufisitas's Armour Boutique.
  6566 | D:7      | Found a runed translucent gate.
  6567 | D:7      | Found a runed translucent gate.
  6570 | D:7      | Found a runed translucent gate.
  6572 | D:7      | Noticed 1Viktor's ghost (novice OgGl)
  6572 | D:7      | Noticed Rider's ghost (novice FoFi)
  6765 | D:7      | Reached XP level 10. HP: 70/74 MP: 13/17
  6835 | D:7      | Reached *** piety under Dithmenos
  7070 | D:7      | Reached skill level 5 in Spellcasting
  7246 | D:7      | Killed Rider's ghost
  7258 | D:7      | Killed 1Viktor's ghost
  7288 | D:7      | Learned a level 5 spell: Yara's Violent Unravelling
  7535 | D:8      | Reached skill level 10 in Hexes
  8043 | D:3      | Bought a runed orb for 276 gold pieces
  8282 | D:8      | Noticed Erica
  8290 | D:8      | Killed Erica
  8291 | D:8      | Reached XP level 11. HP: 83/83 MP: 5/19
  8477 | D:8      | Identified 2 scrolls of acquirement
  8478 | D:8      | Acquired a +0 heavy longbow
  8479 | D:8      | Acquired the +27 heavy crossbow "Sniper" {heavy, Acc+∞
                  | SInv}
  8479 | D:8      | Found the +27 heavy crossbow "Sniper" {heavy, Acc+∞ SInv}
  8551 | D:9      | Reached **** piety under Dithmenos
  8552 | D:9      | Reached skill level 5 in Transmutations
  8661 | D:9      | Found a staircase to the Lair.
  8849 | D:9      | You fall into a shaft and drop 1 floor!
  8849 | D:10     | Entered Level 10 of the Dungeon
  8957 | D:10     | Noticed Joseph
  8959 | D:10     | Killed Joseph
  8981 | D:10     | Found a portal to a secret trove of treasure.
  9090 | D:7      | Bought a +0 kite shield for 67 gold pieces
  9147 | D:9      | Reached skill level 1 in Shields
  9402 | D:10     | Noticed Maurice
  9407 | D:10     | Killed Maurice
  9410 | D:10     | Noticed Psyche
  9412 | D:10     | Killed Psyche
  9511 | D:10     | Found a staircase to the Orcish Mines.
  9709 | D:11     | Reached ***** piety under Dithmenos
  9710 | D:11     | Reached XP level 12. HP: 91/91 MP: 22/22
  9717 | D:11     | Reached skill level 10 in Ranged Weapons
 10198 | D:12     | Noticed a boulder beetle
 10205 | D:12     | Killed a boulder beetle
 10289 | D:12     | Noticed a two-headed ogre
 10299 | D:12     | Killed a two-headed ogre
 10407 | D:12     | Noticed Fannar
 10428 | D:12     | Killed Fannar
 10430 | D:12     | Reached skill level 5 in Shields
 10802 | D:12     | Learned a level 7 spell: Enfeeble
 11156 | D:13     | Identified the +8 battleaxe of Pinul {flame, rPois rCorr
                  | Int-4 Stlth+}
 11171 | D:13     | Noticed a boulder beetle
 11173 | D:13     | Killed a boulder beetle
 11174 | D:13     | Reached XP level 13. HP: 99/99 MP: 24/24
 11404 | D:13     | Noticed a centaur warrior
 11408 | D:13     | Killed a centaur warrior
 11830 | D:13     | Found a gate to the Vaults.
 12192 | D:14     | Found a corrupted altar of Lugonu.
 12275 | D:14     | Found a burning altar of Makhleb.
 12294 | D:14     | Noticed a six-headed hydra
 12299 | D:14     | Killed a six-headed hydra
 12626 | D:14     | Noticed a seven-headed hydra
 12628 | D:14     | Killed a seven-headed hydra
 13420 | Lair:1   | Entered Level 1 of the Lair of Beasts
 13471 | Lair:1   | Identified the +7 rapier of Fuethrami {vamp, rC+ rCorr
                  | Str-3 Int+4}
 13503 | Lair:1   | Found a gate leading to a gauntlet.
 13512 | Gauntlet | Entered a Gauntlet
 13512 | Gauntlet | Found a transporter.
 13512 | Gauntlet | Found a transporter.
 13513 | Gauntlet | Found a transporter.
 13513 | Gauntlet | Found a transporter.
 13516 | Gauntlet | Found a transporter.
 13516 | Gauntlet | Found a transporter.
 13526 | Gauntlet | Found a transporter.
 13526 | Gauntlet | Found the amulet of Vitality {RegenMP++ Regen++}
 13530 | Gauntlet | Found a transporter.
 13532 | Gauntlet | Found a large runed translucent door.
 13533 | Gauntlet | Found a large runed translucent door.
 13534 | Gauntlet | Found a large runed translucent door.
 13534 | Gauntlet | Found a large runed translucent door.
 13534 | Gauntlet | Found a runed translucent door.
 13535 | Gauntlet | Found a large runed translucent door.
 13536 | Gauntlet | Found a large runed translucent door.
 13537 | Gauntlet | Found a large runed translucent door.
 13537 | Gauntlet | Found a large runed translucent door.
 13538 | Gauntlet | Found a runed translucent gate.
 13539 | Gauntlet | Noticed an entropy weaver
 13542 | Gauntlet | Noticed a great orb of eyes
 13545 | Gauntlet | Found a transporter.
 13546 | Gauntlet | Found a transporter.
 13546 | Gauntlet | Found a runed translucent gate.
 13547 | Gauntlet | Found a runed translucent gate.
 13547 | Gauntlet | Found a runed translucent door.
 13549 | Gauntlet | Found a large runed translucent door.
 13549 | Gauntlet | Found a large runed translucent door.
 13550 | Gauntlet | Found a large runed translucent door.
 13551 | Gauntlet | Found a large runed translucent door.
 13560 | Gauntlet | Found a large runed translucent door.
 13560 | Gauntlet | Found a large runed translucent door.
 13561 | Gauntlet | Found a large runed translucent door.
 13562 | Gauntlet | Found a large runed translucent door.
 13564 | Gauntlet | Found a transporter.
 13568 | Gauntlet | Found a transporter.
 13835 | Gauntlet | Killed an entropy weaver
 13835 | Gauntlet | Reached ****** piety under Dithmenos
 13856 | Gauntlet | Got the Omnibus of Accomplices
 13875 | Gauntlet | Identified the +7 lajatang of Pasos {speed, *Noise rF++ rC+
                  | rCorr}
 13875 | Gauntlet | Noticed a minotaur
 13878 | Gauntlet | Killed a minotaur
 13879 | Gauntlet | Reached skill level 10 in Fighting
 13879 | Gauntlet | Reached XP level 14. HP: 96/110 MP: 26/26
 13902 | Gauntlet | Identified the ring of Royalty {rPois rF+ Str+5}
 13902 | Gauntlet | Identified the ring of Parch {Fly rElec Str+6 Dex-2 Stlth+}
 13903 | Gauntlet | Got the Essays on Calefaction and Orogeny
 14682 | Lair:2   | Found a staircase to the Snake Pit.
 14776 | Lair:2   | Found a frozen archway.
 14786 | IceCv    | Entered an ice cave
 15754 | IceCv    | Noticed a reaper
 15765 | IceCv    | Killed a reaper
 15976 | IceCv    | Identified the +0 plate armour "Myaqamie" {rF+ rC+}
 16322 | Lair:2   | Found an opulent altar of Gozag.
 16716 | Lair:2   | Found a staircase to the Swamp.
 16854 | Lair:3   | Reached skill level 15 in Hexes
 17633 | Lair:4   | Noticed Kirke
 17635 | Lair:4   | Reached skill level 10 in Shields
 17638 | Lair:4   | Killed Kirke
 17851 | Lair:4   | Reached XP level 15. HP: 119/119 MP: 27/27
 18152 | Lair:4   | Found a viscous altar of Jiyva.
 18152 | Lair:4   | Found a staircase to the Slime Pits.
 18585 | Lair:5   | Entered Level 5 of the Lair of Beasts
 19088 | Lair:5   | Reached skill level 15 in Ranged Weapons
 19926 | Orc:1    | Entered Level 1 of the Orcish Mines
 20032 | Orc:2    | Entered Level 2 of the Orcish Mines
 20126 | Orc:2    | Found a staircase to the Elven Halls.
 20352 | Orc:1    | You fall into a shaft and drop 1 floor!
 20826 | Orc:2    | Reached XP level 16. HP: 128/128 MP: 28/28
 20864 | Orc:2    | Noticed Nessos
 20866 | Orc:2    | Killed Nessos
 20898 | Orc:2    | Upgraded the game from 0.30-a0-585-g93115170b9 to
                  | 0.30-a0-586-g23e55c9e0a
 21052 | Orc:2    | Found Mudwoph's Distillery.
 21279 | Orc:2    | Found Oxuqo's General Store.
 21280 | Orc:2    | Found Omeargh's Book Shoppe.
 21282 | Orc:2    | Found Peklaini's Antique Armour Emporium.
 21282 | Orc:2    | Found Soukh's Antique Weapon Emporium.
 21298 | Orc:2    | Bought a pair of embroidered gloves for 285 gold pieces
 21605 | Orc:2    | Bought a book of the Hunter for 338 gold pieces
 21605 | Orc:2    | Bought a book of Beasts for 494 gold pieces
 21610 | Orc:2    | Learned a level 4 spell: Leda's Liquefaction
 21927 | Snake:1  | Entered Level 1 of the Snake Pit
 22208 | Snake:1  | Found Emeaj's Antique Armour Shoppe.
 22210 | Snake:1  | Found Vemaom's Jewellery Emporium.
 22212 | Snake:1  | Found Rotoqeqi's Antique Armour Shoppe.
 22220 | Snake:1  | Bought a pair of transparent boots for 285 gold pieces
 22220 | Snake:1  | Identified the +1 pair of boots "Riet" {rElec Str+4} (You
                  | bought it in a shop on level 1 of the Snake Pit)
 22472 | Snake:1  | You fall into a shaft and drop 1 floor!
 22482 | Snake:2  | Found Heycw's Gadget Gallery.
 22503 | Snake:2  | Mangled by a naga warrior

Illustrated notes

Levels and vault maps discovered:
D:1:      dpeg_arrival_rooms_with_view, layout_loops_corners
D:2:      layout_rooms
D:3:      layout_loops_ring, nicolae_sif_muna_little_library, serial_shops,
          shop, ebering_ecumenical_altar_webs, uniq_ijyb, uniq_grinder
D:4:      layout_gridville
D:5:      layout_basic, tgw_kikubaaqudgha, minitemple, temple_fountains,
          nicolae_shop_firing_range
D:6:      layout_basic, cheibrodos_sewer_entry_sluice, uniq_eustachio
D:7:      layout_loops_ring, cheibriados_altar_1,
          mainiacjoe_overflow_six_doors_small, jmf_multi_god_temple,
          gammafunk_ghost_cemetery, nicolae_ossuary_entry_plus, serial_shops,
          shop, lightli_church_of_beogh, uniq_prince_ribbit1
D:8:      layout_basic, minmay_misc_feat_rows, uniq_erica
D:9:      layout_rooms, due_lair_maze_entry_diamond
D:10:     layout_roguey, david_orc_5, nicolae_trove_entry_columns,
          kennysheep_nub, uniq_maurice, uniq_joseph, uniq_psyche
D:11:     layout_big_octagon, dk_vineyard_2
D:12:     layout_rooms, lemuel_old_faithful, uniq_fannar
D:13:     layout_basic, david_vaults_4, special_room [special_room_orc]
D:14:     kennysheep_kobold_lugonu_temple, layout_stronghold,
          serial_bayou_shore_b, bloody_makhleb
Temple:   nicolae_temple_figure_eight
Lair:1:   statuecave_lemuel, layout_long_grid, gauntlet_entry_generic,
          chequers_serial_rivers_small_3, grunt_megastairs_1,
          infiniplex_staircase_pool_2
Lair:2:   layout_loops_ring, nicolae_swamp_entry_spooky,
          guppyfry_snake_entry_island, basic_altar,
          portal_ice_cave_entry_pillars_1
Lair:3:   layout_regular_city
Lair:4:   layout_layer_cave, minmay_slime_entry_pillars, lemuel_fruit_fields,
          lemuel_fruit_tree, serial_bayou_shore_a, grunt_megastairs_2,
          uniq_kirke
Lair:5:   evilmike_catoblepas_cave, layout_loops_ring, lemuel_fruit_fields,
          grunt_megastairs_4, serial_bayou_shore_b
Snake:1:  layout_honeycomb, minmay_shop_star, uniq_donald
Snake:2:  layout_rooms, ebering_ghost_inner_flame, basic_altar,
          nicolae_shop_gadgets, uniq_saint_roka
Orc:1:    layout_caves, special_room [special_room_orc], nicolae_orc_rich_vein
Orc:2:    st_orc_congregation, layout_caves, serial_shops,
          nicolae_shop_statue_plus, uniq_nessos

Skill      XL: |  1  2  3  4  5  6  7  8  9 10 11 12 13 14 15 16 |
---------------+-------------------------------------------------+-----
Hexes          | 4 5 6 7 8 10 11 12 13 15 16 | 16.4
Fire Magic     | 1 3 |  3.0
Ranged Weapons | 3 4 5 7 8 9 11 12 14 15 16 | 16.5
Fighting       | 2 3 4 5 6 7 8 10 11 12 | 12.9
Spellcasting   | 2 3 4 5 6 7 8 |  8.3
Translocations | 1 3 |  3.0
Transmutations | 2 4 6 7 |  7.0
Shields        | 2 5 8 10 11 12 | 12.6
Dodging        | |  1.7

Action                   |  1- 3 |  4- 6 |  7- 9 | 10-12 | 13-15 | 16-18 || total
-------------------------+-------+-------+-------+-------+-------+-------++-------
Melee: Dagger            |    10 |       |       |       |       |       ||    10
       Trident           |       |    27 |   155 |    41 |       |       ||   223
       Punch             |       |       |     3 |       |       |       ||     3
 Fire: Sling             |    90 |    60 |     5 |       |       |       ||   155
       Hand crossbow     |       |       |   138 |    99 |       |       ||   237
       Heavy crossbow    |       |       |       |   133 |   432 |   136 ||   701
 Cast: Slow              |     3 |     3 |     5 |     1 |       |       ||    12
       Inner Flame       |     1 |     5 |     7 |    16 |    16 |    11 ||    56
       Summon Guardian G |       |       |     1 |     5 |    12 |     1 ||    19
       Portal Projectile |       |       |     1 |     5 |    15 |     1 ||    22
       Cause Fear        |       |       |       |     1 |    14 |     1 ||    16
 Abil: Dig               |       |     1 |       |     2 |     3 |     1 ||     7
  Use: Potion            |     2 |       |     1 |     3 |     1 |       ||     7
       Scroll            |       |       |     8 |     5 |    11 |       ||    24
 Stab: Sleeping          |       |     2 |     3 |       |       |       ||     5
       Distracted        |       |     1 |     1 |       |       |       ||     2
Armor: Robe              |    17 |     8 |   104 |    32 |    69 |    16 ||   246
Dodge: Dodged            |    40 |    27 |   248 |   106 |   129 |    14 ||   564
Block: Kite shield       |       |       |       |     1 |   142 |    34 ||   177

Table legend: (Time is in decaauts)
 A = Elapsed time spent in this place.
 B = Non-inter-level travel time spent in this place.
 C = Inter-level travel time spent in this place.
 D = Time resting spent in this place.
 E = Time spent auto-exploring this place.
 F = Levels seen in this place.
 G = Mean time per level.
                   A        B        C        D        E       F      G
               +--------+--------+--------+--------+--------+-----+--------+
         Total |  24036 |  22080 |   1956 |   3198 |  13893 |  27 |  890.2 |
       Dungeon |  13844 |  12566 |   1278 |   1871 |   8012 |  14 |  988.9 |
        Temple |    220 |    211 |      9 |      0 |    196 |   1 |  220.0 |
          Lair |   5281 |   4878 |    403 |    254 |   3751 |   5 | 1056.2 |
     Snake Pit |    626 |    626 |      0 |     24 |    451 |   2 |  313.0 |
  Orcish Mines |   2018 |   1752 |    266 |    131 |   1006 |   2 | 1009.0 |
         Sewer |    114 |    114 |      0 |     17 |     36 |   1 |  114.0 |
      Ice Cave |   1486 |   1486 |      0 |    852 |    311 |   1 | 1486.0 |
      Gauntlet |    443 |    443 |      0 |     48 |    129 |   1 |  443.0 |
               +--------+--------+--------+--------+--------+-----+--------+

Top non-repeatable levels by time:
     D:7: 2129 daAuts
   IceCv: 1486 daAuts
   Orc:2: 1381 daAuts
  Lair:5: 1354 daAuts
    D:14: 1201 daAuts
     D:1: 1190 daAuts
    D:13: 1188 daAuts
     D:3: 1186 daAuts
     D:6: 1102 daAuts
  Lair:4: 1069 daAuts
     D:5: 984 daAuts
  Lair:1: 981 daAuts
  Lair:3: 945 daAuts
  Lair:2: 931 daAuts
     D:8: 857 daAuts
